[Event "Early-Titled-Tuesday-Blitz-April-02-2024"]
[Site "Chess.com"]
[Date "2024.04.02"]
[Round "3"]
[White "ninguno46"]
[Black "trriinu"]
[Result "1-0"]
[WhiteElo "2580"]
[BlackElo "2299"]
[TimeControl "180+1"]
[EndTime "8:27:36 PDT"]
[Termination "ninguno46 won by checkmate"]

1. e4 d5 2. exd5 Qxd5 3. Nc3 Qd6 4. g3 Nf6 5. Bg2 Nc6 6. Nge2 Bg4 7. h3 Bh5 8. d3 e5 9. Be3 a6 10. Qd2 O-O-O 11. O-O-O Nd4 12. g4 Bg6 13. f4 Nxe2+ 14. Nxe2 exf4 15. Nxf4 Qb4 16. Qf2 Bd6 17. Rhf1 Rhe8 18.
Bd2 Qa4 19. Kb1 Qb5 20. g5 Bxf4 21. Bxf4 Nd5 22. Bxd5 Rxd5 23. Qa7 Re2 24. Rfe1 Rxe1 25. Rxe1 f6 26. Qa8+ Kd7 27. Qf8 fxg5 28. Qxg7+ Kc6 29. Qxc7# 1-0

[Event "Early-Titled-Tuesday-Blitz-April-02-2024"]
[Site "Chess.com"]
[Date "2024.04.02"]
[Round "3"]
[White "IMRosen"]
[Black "stollenmonster"]
[Result "0-1"]
[WhiteElo "2695"]
[BlackElo "2920"]
[TimeControl "180+1"]
[EndTime "8:27:37 PDT"]
[Termination "stollenmonster won by resignation"]

1. e4 c5 2. Nc3 Nc6 3. Bb5 g6 4. Bxc6 dxc6 5. d3 e5 6. f4 exf4 7. Bxf4 Bg7 8. Nf3 h6 9. O-O Ne7 10. Qd2 g5 11. Be3 b6 12. Rae1 O-O 13. Kh1 f5 14. exf5 Bxf5 15. Nxg5 Ng6 16. Nge4 Kh7 17. Ng3 Bg4 18. Nce4 Qh4 19. b3 Ne5 20. Rxf8 Rxf8 21.
Rf1 Rxf1+ 22. Nxf1 Bf5 23. Qf2 Qg4 24. h3 Qg6 25. Nfg3 Be6 26. Bf4 Nd7 27. Qf3 Nf6 28.
Nxf6+ Bxf6 29. Ne4 Bg7 30. Kh2 Bd5 31. Qe3 Qf5 32.
Ng3 Qf7 33. c4 Bd4 34. Qd2 Be6 35. Bxh6 Qg6 36. Bg5 Bf5 37. Nxf5 Qxf5 38. Qf4 Be5 39. Kg3 Qxg5+ 0-1

[Event "Early-Titled-Tuesday-Blitz-April-02-2024"]
[Site "Chess.com"]
[Date "2024.04.02"]
[Round "3"]
[White "chucksterf10"]
[Black "MetiForce"]
[Result "0-1"]
[WhiteElo "2661"]
[BlackElo "2876"]
[TimeControl "180+1"]
[EndTime "8:27:37 PDT"]
[Termination "MetiForce won by checkmate"]

1. e3 e5 2. d4 e4 3. c4 f5 4. Nc3 Nf6 5. Nge2 c6 6. Nf4 d5 7.
cxd5 cxd5 8. Qb3 Nc6 9. Bb5 a6 10. Bxc6+ bxc6 11. O-O Bd6 12. Nce2 O-O 13. Bd2 g5 14.
Nh3 Ng4 15. f4 exf3 16. gxf3 Nxh2 17. Rf2 g4 18. Rxh2 Bxh2+ 19. Kxh2 Qh4 20. Nf4 gxh3 21. Rg1+ Kh8 22. Qb4 Be6 23. Be1 Qf6 24. Qd6 Bg8 25. Bb4 Rae8 26. Nd3 f4 27. Nxf4 a5 28. Bc5 Rf7 29.
Re1 Qh4 30. Re2 Rxf4 31. Qd7 Rxe3 32. Rxe3 Qf2+ 33. Kxh3 Qxe3 34. Bd6 Rxf3+ 35. Kh2 Qe2+ 36. Kg1 Rf1# 0-1

[Event "Early-Titled-Tuesday-Blitz-April-02-2024"]
[Site "Chess.com"]
[Date "2024.04.02"]
[Round "3"]
[White "ReadySkate"]
[Black "smotherhubbard"]
[Result "1-0"]
[WhiteElo "2601"]
[BlackElo "2356"]
[TimeControl "180+1"]
[EndTime "8:27:37 PDT"]
[Termination "ReadySkate won by resignation"]

1. d4 Nf6 2. c4 e6 3. Nc3 Bb4 4. f3 d5 5. a3 Be7 6. e4 dxe4 7.
fxe4 e5 8. d5 Bc5 9. Nf3 Bg4 10.
Be2 Nbd7 11. Bg5 a5 12. Qd2 h6 13. Be3 Qe7 14. O-O-O Bxf3 15. Bxf3 Bxe3 16. Qxe3 Nc5 17. Kb1 O-O 18. g4 Ne8 19. h4 b6 20. g5 Nd6 21.
Be2 h5 22. Bxh5 Nxc4 23. Qe2 b5 24. g6 f5 25. exf5 Nd6 26. Bf3 b4 27. axb4 axb4 28. Ne4 Ndxe4 29. Bxe4 Qd7 30. Qh5 Rf6 31. Qh7+ Kf8 32.
Qh8+ Ke7 33. Qxg7+ Kd8 34. Qxf6+ Kc8 35. Qf8+ Kb7 36.
Qxc5 Ra1+ 37. Kxa1 Qa4+ 38. Kb1 b3 39. d6+ Qxe4+ 1-0

[Event "Early-Titled-Tuesday-Blitz-April-02-2024"]
[Site "Chess.com"]
[Date "2024.04.02"]
[Round "3"]
[White "Vesper2018"]
[Black "KnightmareJoker"]
[Result "1-0"]
[WhiteElo "2594"]
[BlackElo "2319"]
[TimeControl "180+1"]
[EndTime "8:27:39 PDT"]
[Termination "Vesper2018 won by resignation"]

1. e4 e5 2. Nf3 Nc6 3. Bb5 a6 4. Ba4 Nf6 5. O-O b5 6. Bb3 Bc5 7. Re1 d6 8. c3 Bb6 9. h3 O-O 10.
d4 h6 11. Be3 exd4 12. cxd4 Na5 13. Bc2 Nc4 14. Bc1 Re8 15. b3 Na5 16. Bb2 d5 17. e5 Nh7 18. Nc3 Ng5 19. Nxg5 Qxg5 20. Nxd5 Bxh3 21. Qf3 Bg4 22. Qg3 h5 23. f4 Qd8 24.
Nxb6 cxb6 25. Be4 Rc8 26. d5 Nb7 27. b4 Rc4 28. a3 Nd6 29. Bd3 Nf5 30. Bxf5 Bxf5 31.
e6 g6 32. Rad1 h4 33. Qe3 fxe6 34. Qe5 Re7 35. Qh8+ Kf7 36. Qxd8 1-0

[Event "Early-Titled-Tuesday-Blitz-April-02-2024"]
[Site "Chess.com"]
[Date "2024.04.02"]
[Round "3"]
[White "diamonds13"]
[Black "zurzan"]
[Result "1-0"]
[WhiteElo "2369"]
[BlackElo "2068"]
[TimeControl "180+1"]
[EndTime "8:27:39 PDT"]
[Termination "diamonds13 won on time"]

1. d4 Nf6 2. c4 g6 3. Nc3 Bg7 4. e4 d6 5. h3 O-O 6. Be3 c5 7. d5 e6 8. Be2 exd5 9. exd5 a6 10. Nf3 Re8 11. Nd2 Nbd7 12. O-O Ne5 13. Bg5 h6 14. Bh4 g5 15. Bg3 Rb8 16. f4 gxf4 17. Bxf4 Ng6 18. Bg3 b5 19. cxb5 axb5 20. Bxb5 Re3 21.
Bf2 Rxc3 22. bxc3 Rxb5 23. Rb1 Rxb1 24. Qxb1 Ba6 25. c4 Qa5 26. Qb8+ Kh7 27. Be1 Qc3 28. Qxd6 Qe3+ 29. Bf2 Qxd2 30. Qxa6 Ne4 31. Be1 Qd4+ 32.
Kh1 Qe3 33. Qb6 Nf4 34. Qb1 Ne2 35. Bf2 Qf4 36. Qd3 Be5 37. g3 Nxg3+ 38. Bxg3 Qg5 39. Qxe4+ 1-0

[Event "Early-Titled-Tuesday-Blitz-April-02-2024"]
[Site "Chess.com"]
[Date "2024.04.02"]
[Round "3"]
[White "Gabrielian_Artur"]
[Black "ExchangeAB"]
[Result "1-0"]
[WhiteElo "2800"]
[BlackElo "2471"]
[TimeControl "180+1"]
[EndTime "8:27:40 PDT"]
[Termination "Gabrielian_Artur won by resignation"]

1. Nf3 Nf6 2. g3 Nc6 3. d4 d5 4.
Nc3 Bf5 5. a3 h6 6. Bg2 e6 7. O-O Be7 8. Bf4 O-O 9. h3 Ne4 10.
Nb5 Rc8 11. a4 a6 12. Na3 Na5 13. c3 c5 14. dxc5 Bxc5 15. Nd4 Bg6 16. Be3 Qb6 17. b4 Nxc3 18. bxc5 Nxd1 19. cxb6 Nxe3 20. fxe3 Rc3 21. Rfc1 Rxe3 22. Kf2 Re5 23. Rc7 Be4 24. Bf3 Rg5 25. h4 Rg6 26. Bxe4 dxe4 27. Rac1 e5 28. Nf5 Rxb6 29.
Rc8 Rxc8 30. Rxc8+ Kh7 31. Ne3 Rb4 32. Nac4 Rxa4 33.
Nxe5 f6 34. Nd7 Nc6 35. h5 b5 36. Nf5 Ne5 37. Nxe5 fxe5 38. Ne7 b4 39. Ng6 1-0

[Event "Early-Titled-Tuesday-Blitz-April-02-2024"]
[Site "Chess.com"]
[Date "2024.04.02"]
[Round "3"]
[White "ATM622"]
[Black "KacperKacprzak"]
[Result "0-1"]
[WhiteElo "2506"]
[BlackElo "2705"]
[TimeControl "180+1"]
[EndTime "8:27:41 PDT"]
[Termination "KacperKacprzak won by resignation"]

1. d4 Nf6 2. c4 c5 3. d5 b5 4.
cxb5 a6 5. e3 g6 6. Nc3 Bg7 7. Nf3 O-O 8. Be2 axb5 9. Bxb5 Ba6 10.
Bxa6 Nxa6 11. O-O d6 12. h3 Nb4 13. Re1 Qa5 14. a3 Qa6 15. Qe2 Qxe2 16. Rxe2 Nbxd5 17. Nxd5 Nxd5 18. e4 Nb6 19. e5 Nc4 20. exd6 exd6 21.
Ra2 Rfb8 22. Ne1 Rb3 23. Rc2 d5 24. a4 Ra5 25. Bd2 Nxd2 26. Rxd2 c4 27. Nf3 Rb4 28. g4 h6 29. h4 Rbxa4 30. Rxa4 Rxa4 31. Rxd5 Bxb2 32. Rc5 c3 33. g5 h5 34. Kf1 Re4 35. Rc7 Kf8 36.
Kg2 Ke8 37. Kg3 Re2 38. Nd4 Rd2 39. Nb3 Rd3+ 40. Kf4 c2 41. Rc8+ Kd7 42. Rxc2 Rxb3 43. f3 Rb4+ 44. Kg3 Be5+ 45. Kh3 Ke6 46. Re2 Kf5 47.
Re1 Rb2 48. Rh1 Kf4 49. Rh2 Rxh2+ 50. Kxh2 Kxf3+ 51. Kh3 Kf4 52. Kg2 Kg4 53. Kh1 Kxh4 54. Kg2 Kxg5 55. Kh1 Kf5 56. Kg2 g5 57. Kh1 g4 58.
Kg2 Kg5 59. Kh1 f5 60. Kg2 f4 61. Kh1 h4 62. Kg2 h3+ 63. Kh1 Kf5 64. Kg1 Ke4 65.
Kh1 Kf3 66. Kg1 g3 67. Kh1 Bd6 68. Kg1 Bc5+ 69. Kh1 g2+ 0-1

[Event "Early-Titled-Tuesday-Blitz-April-02-2024"]
[Site "Chess.com"]
[Date "2024.04.02"]
[Round "3"]
[White "Bilan_Danila"]
[Black "Der_Balak_3Halak"]
[Result "0-1"]
[WhiteElo "2594"]
[BlackElo "2406"]
[TimeControl "180+1"]
[EndTime "8:27:41 PDT"]
[Termination "Der_Balak_3Halak won on time"]

1. d4 d5 2. Nf3 Nf6 3. c4 c6 4.
Nc3 e6 5. Bg5 Be7 6. e3 O-O 7.
Bd3 dxc4 8. Bxc4 b5 9. Bd3 Bb7 10. Bxf6 Bxf6 11. Ne4 Be7 12. Rc1 Qa5+ 13. Nfd2 Nd7 14.
a3 Rfd8 15. Qc2 g6 16. O-O Rac8 17. Nb3 Qc7 18. Rfd1 Qb8 19. Qc3 e5 20. Nec5 exd4 21. exd4 Nf6 22. Na5 Ba8 23. b4 Ng4 24. g3 h5 25. Qc2 Kg7 26. Qe2 Bf6 27. h3 Nxf2 28.
Kxf2 Bxd4+ 29. Kg2 Re8 30. Qf3 Re3 31. Qf4 Qxf4 32.
gxf4 Rce8 33. Rc2 h4 34. Kh2 Rf3 35. f5 Be5+ 36. Kg2 Rg3+ 37. Kf1 Bd4 38. Rg2 Rf3+ 39. Rf2 Rxf2+ 40. Kg1 Rd2+ 0-1

[Event "Early-Titled-Tuesday-Blitz-April-02-2024"]
[Site "Chess.com"]
[Date "2024.04.02"]
[Round "3"]
[White "MatthewG-p4p"]
[Black "Ralf61"]
[Result "1-0"]
[WhiteElo "2885"]
[BlackElo "2538"]
[TimeControl "180+1"]
[EndTime "8:27:42 PDT"]
[Termination "MatthewG-p4p won by checkmate"]

1. f4 d5 2. Nf3 Nf6 3. g3 g6 4. Bg2 Bg7 5. O-O O-O 6. d3 c5 7. Ne5 Nfd7 8. Ng4 e6 9. e4 f5 10. Nf2 Nb6 11. c3 Nc6 12. Qe2 fxe4 13. dxe4 d4 14.
e5 Nd5 15. Rd1 b6 16. c4 Nde7 17. Nd2 Bb7 18. Nde4 Nf5 19. Nd3 Qe7 20. Bd2 a5 21. b3 Nb4 22. Ne1 h5 23. a3 Nc6 24. Nd3 Kh8 25.
Ndf2 a4 26. bxa4 Rxa4 27. Rab1 Ba6 28. Rdc1 Qc7 29. Ng5 Re8 30. g4 Nh4 31. Be4 d3 32.
Qxd3 Nd4 33. gxh5 gxh5 34. Bc6 Qxc6 35. Qh7# 1-0

[Event "Early-Titled-Tuesday-Blitz-April-02-2024"]
[Site "Chess.com"]
[Date "2024.04.02"]
[Round "3"]
[White "NowInChess"]
[Black "VanRommel28"]
[Result "0-1"]
[WhiteElo "2261"]
[BlackElo "2496"]
[TimeControl "180+1"]
[EndTime "8:27:42 PDT"]
[Termination "VanRommel28 won on time"]

1. e4 g6 2. d3 Bg7 3. g3 d6 4. Bg2 Nf6 5. f4 O-O 6. Nf3 c5 7. Nc3 Nc6 8. O-O Rb8 9. a4 a6 10. h3 b5 11. axb5 axb5 12. g4 b4 13. Ne2 c4 14. g5 cxd3 15. cxd3 Nh5 16. Qe1 b3 17. Ng3 Nxg3 18. Qxg3 Nb4 19. Nh4 Qb6+ 20. Kh1 Qd4 21. Rd1 Bb7 22. Ra3 Nc2 23. Rxb3 Ba6 24. Rc3 Qa4 25.
Rc7 Ne3 26. Bxe3 Qxd1+ 27. Bg1 Rxb2 28. Rxe7 Bd4 29. Nf3 Bf2 30. Qh2 Rb1 31. f5 gxf5 32. exf5 Rc8 33. Qxd6 Bxg1 0-1

[Event "Early-Titled-Tuesday-Blitz-April-02-2024"]
[Site "Chess.com"]
[Date "2024.04.02"]
[Round "3"]
[White "PavelShkapenko"]
[Black "santosalberto1987"]
[Result "1-0"]
[WhiteElo "2700"]
[BlackElo "2504"]
[TimeControl "180+1"]
[EndTime "8:27:43 PDT"]
[Termination "PavelShkapenko won by resignation"]

1. e4 e6 2. d4 d5 3. exd5 exd5 4.
Nf3 Nf6 5. Bd3 Bd6 6. O-O O-O 7.
Bg5 Bg4 8. Nbd2 Nbd7 9. c4 c6 10. c5 Bc7 11. b4 a6 12. a4 Re8 13. Qc2 Nf8 14. b5 axb5 15. axb5 Rxa1 16. Rxa1 Bh5 17.
Ra7 Qb8 18. b6 Bd8 19. Bh4 Bg6 20. Bg3 Qc8 21. Ne5 Bxd3 22. Qxd3 Ng6 23. h3 Nxe5 24.
Bxe5 Nd7 25. Nf3 Nxe5 26. Nxe5 Bf6 27. f4 Bxe5 28. fxe5 h6 29. Qf3 Qd7 30. Qg4 Qxg4 31. hxg4 Rb8 32. Kf2 Kf8 33. Kf3 Ke7 34. Kf4 Ke6 35.
g5 h5 36. g6 f6 37. exf6 Kxf6 38. g3 Kxg6 39. Ke5 Kg5 40. Kd6 Kg4 41. Kc7 Rh8 42.
Kxb7 Kxg3 43. Kxc6 h4 44. b7 h3 45. Ra8 Rh6+ 46.
Kd7 h2 47. b8=Q+ Kg2 48. Ra2+ 1-0

[Event "Early-Titled-Tuesday-Blitz-April-02-2024"]
[Site "Chess.com"]
[Date "2024.04.02"]
[Round "3"]
[White "GalaxyRoman"]
[Black "Vahe_Danielyan"]
[Result "0-1"]
[WhiteElo "2827"]
[BlackElo "2609"]
[TimeControl "180+1"]
[EndTime "8:27:45 PDT"]
[Termination "Vahe_Danielyan won by resignation"]

1. e4 c5 2. Nc3 d6 3. f4 Nc6 4.
Nf3 g6 5. Bb5 Bd7 6. O-O Bg7 7.
d3 e6 8. Qe1 Nge7 9. Be3 Nd4 10. Bxd7+ Qxd7 11. Qf2 Nec6 12. Kh1 O-O 13. Bxd4 Nxd4 14.
Nxd4 cxd4 15. Ne2 Qb5 16. Rab1 Qa4 17. Ng3 Rac8 18. Rbc1 Qxa2 19. f5 Be5 20. b3 Qa5 21. f6 h6 22. Rcd1 Kh7 23. Rd2 Bxf6 24. Re2 Bg7 25. Kg1 Qg5 26. Qf3 h5 27. Nh1 Rc7 28.
Nf2 Rfc8 29. Nh3 Qg4 30. Qf2 Bh6 31. Kh1 Be3 32. Qe1 Rxc2 33. Rxc2 Rxc2 34. Rg1 Bxg1 35.
Qxg1 Rd2 36. Qf1 Rd1 0-1

[Event "Early-Titled-Tuesday-Blitz-April-02-2024"]
[Site "Chess.com"]
[Date "2024.04.02"]
[Round "3"]
[White "DarZay"]
[Black "ChessSwole"]
[Result "0-1"]
[WhiteElo "2337"]
[BlackElo "2707"]
[TimeControl "180+1"]
[EndTime "8:27:45 PDT"]
[Termination "ChessSwole won on time"]

1. e4 e5 2. Nf3 Nc6 3. Bc4 Nf6 4. d3 h6 5. c3 d6 6. Bb3 g6 7. Nbd2 Bg7 8. O-O O-O 9. h3 Re8 10. Re1 Be6 11. Bc2 d5 12. Qe2 Qd7 13. Nf1 a5 14. Ng3 Rad8 15. b3 b5 16. Bb2 b4 17. d4 bxc3 18.
Bxc3 exd4 19. Nxd4 Nxe4 20. Nxe4 Nxd4 21. Bxd4 Bxd4 22.
Ng3 Bxa1 23. Rxa1 Bxh3 24. Qd2 Bg4 25. Qxh6 Qe7 26. Kh2 Qe5 27. Rh1 Qh8 28. Qxh8+ Kxh8 29. f3 Be6 30. Kg1+ Kg7 31. Kf2 c5 32. Ne2 Bf5 33.
Bxf5 gxf5 34. Ng3 Kg6 35. Rh5 f4 0-1

[Event "Early-Titled-Tuesday-Blitz-April-02-2024"]
[Site "Chess.com"]
[Date "2024.04.02"]
[Round "3"]
[White "ural58"]
[Black "Byniolus"]
[Result "0-1"]
[WhiteElo "2474"]
[BlackElo "2756"]
[TimeControl "180+1"]
[EndTime "8:27:46 PDT"]
[Termination "Byniolus won by resignation"]

1. e4 d6 2. d4 Nf6 3. Nc3 c6 4. Be3 Qb6 5. a3 Ng4 6. Nf3 Nxe3 7. fxe3 e6 8. Bd3 Be7 9. O-O Nd7 10. Kh1 O-O 11. b4 a5 12. b5 c5 13. Rb1 Bf6 14. Na4 Qd8 15. b6 Be7 16. c3 Nb8 17. e5 cxd4 18.
cxd4 Nc6 19. exd6 Bxd6 20. Be4 Ne7 21. Ne5 Nd5 22. Qd3 Nf6 23. Nc5 Qe7 24. Rxf6 Qxf6 25. Bxh7+ Kh8 26. Qe4 Qh6 27. Rf1 Bxe5 28. dxe5 Qxh7 29.
Qd4 a4 30. h3 Ra5 31. Rf4 Kg8 32. Qd6 Rxc5 33. Qxc5 Bd7 34. Rg4 Bc6 35. Qe7 Qxh3+ 0-1

[Event "Early-Titled-Tuesday-Blitz-April-02-2024"]
[Site "Chess.com"]
[Date "2024.04.02"]
[Round "3"]
[White "RodTwinkz"]
[Black "Knightmare1014"]
[Result "1-0"]
[WhiteElo "2709"]
[BlackElo "2339"]
[TimeControl "180+1"]
[EndTime "8:27:46 PDT"]
[Termination "RodTwinkz won by resignation"]

1. e4 c5 2. Nc3 e6 3. f4 a6 4. a4 Nc6 5. Nf3 Qc7 6. d3 d6 7. g3 Rb8 8. Bg2 g6 9. O-O Bg7 10. f5 Nge7 11. fxe6 Bxe6 12. Ng5 O-O 13. Nxe6 fxe6 14.
Be3 Nd4 15. Qd2 Nec6 16. Rab1 b5 17. axb5 axb5 18. Ne2 b4 19. Nxd4 Nxd4 20. c3 bxc3 21. bxc3 Nb5 22. Rxf8+ Bxf8 23. Qb2 Bg7 24. Qb3 Rf8 25.
Qxb5 Bxc3 26. Qc4 Be5 27. Qxe6+ Kg7 28. Rf1 Rxf1+ 29. Bxf1 Qa5 30. Qe7+ Kg8 31. Bh6 Bd4+ 32. Kh1 Qa8 33. Qxd6 Qe8 34. Bh3 Kh8 35. Qf8+ Qxf8 36. Bxf8 Kg8 37. Bd6 Kf7 38. e5 g5 39. e6+ Ke8 40. Bg4 Kd8 41. e7+ Ke8 42. Bh5+ Kd7 43.
e8=Q+ Kxd6 44. Qe4 Kd7 45. Qd5+ Kc7 46. Bf3 Kb6 47.
Qb7+ Ka5 48. Bc6 1-0

[Event "Early-Titled-Tuesday-Blitz-April-02-2024"]
[Site "Chess.com"]
[Date "2024.04.02"]
[Round "3"]
[White "Predo63"]
[Black "ChempionBg"]
[Result "1-0"]
[WhiteElo "2516"]
[BlackElo "2286"]
[TimeControl "180+1"]
[EndTime "8:27:46 PDT"]
[Termination "Predo63 won on time"]

1. d4 Nf6 2. Bg5 d5 3. Bxf6 exf6 4. e3 Bf5 5. Nd2 c6 6. Ne2 Be7 7. g3 O-O 8. Bg2 Re8 9. O-O Bf8 10. a3 h6 11. Re1 Nd7 12. Rc1 Nb6 13. c4 dxc4 14.
Nxc4 Nxc4 15. Rxc4 Be6 16. Rc1 Bd5 17. Bxd5 Qxd5 18.
Nf4 Qe4 19. Qc2 f5 20. Qxe4 fxe4 21. Rc2 a5 22. a4 Ra6 23. Ne2 Rb6 24. Ra1 Rb3 25.
Nc1 Rb4 26. h4 f5 27. Kf1 Kf7 28. Ke2 Be7 29. Kd2 Bf6 30. h5 Rd8 31. Ke1 Be7 32.
Ra2 Kf6 33. Ne2 Bd6 34. Kd2 Kg5 35. Ra1 Kxh5 36. Kc3 Kg4 37. b3 Kf3 38. Rf1 g5 39.
Nc1 h5 40. Rh1 Rh8 41. Na2 Rb6 42. Kb2 h4 43. gxh4 Rxh4 44. Rg1 g4 45. Nc3 g3 46. fxg3 Bxg3 47. Nd1 Rg4 48. Rf1+ Bf2 49. Rfxf2+ Kg3 50. Rg2+ Kh4 51. Rh2+ Kg5 52. Nc3 Rg3 53. Rcg2 Kg4 54. Rxg3+ Kxg3 55. Rh5 1-0

[Event "Early-Titled-Tuesday-Blitz-April-02-2024"]
[Site "Chess.com"]
[Date "2024.04.02"]
[Round "3"]
[White "emeli_chess"]
[Black "newauto"]
[Result "1-0"]
[WhiteElo "2409"]
[BlackElo "2205"]
[TimeControl "180+1"]
[EndTime "8:27:46 PDT"]
[Termination "emeli_chess won by resignation"]

1. d4 c6 2. c4 d5 3. Nc3 Nf6 4. e3 Bf5 5. Nf3 e6 6. Nh4 Bg4 7. f3 Bh5 8. g3 Nbd7 9. Ng2 Bd6 10. Be2 Qc7 11. O-O O-O 12. f4 Bxe2 13. Qxe2 Ne4 14. Nxe4 dxe4 15. b3 c5 16. Bb2 f5 17.
Rfd1 Be7 18. d5 exd5 19. Rxd5 g6 20. Qc2 Nf6 21. Bxf6 Bxf6 22. Rad1 Rad8 23. R1d2 Kf7 24. Qd1 Ke6 25. h3 h5 26. g4 hxg4 27. hxg4 Rxd5 28. Rxd5 Rd8 29. gxf5+ gxf5 30. Qh5 Rg8 31. Qxf5+ Ke7 32. Qxe4+ Kf7 33. Qf5 Rd8 34. Qh7+ Bg7 35. Nh4 Rxd5 36.
cxd5 Ke8 37. Nf5 Be5 38. Qg8+ Kd7 39. Qe6+ Kd8 40. fxe5 Qh7 41. Qd6+ Ke8 42. Qb8+ Kf7 43. Qxb7+ Kg6 44. Qxh7+ Kxh7 45. d6 1-0

[Event "Early-Titled-Tuesday-Blitz-April-02-2024"]
[Site "Chess.com"]
[Date "2024.04.02"]
[Round "3"]
[White "Zurability"]
[Black "xiaopang123"]
[Result "0-1"]
[WhiteElo "2690"]
[BlackElo "2317"]
[TimeControl "180+1"]
[EndTime "8:27:48 PDT"]
[Termination "xiaopang123 won by resignation"]

1. Nf3 d5 2. g3 Nd7 3. Bg2 e5 4. O-O Bd6 5. d3 Ne7 6. e4 c6 7. Nc3 O-O 8. d4 dxe4 9. Nxe4 Bc7 10. Re1 Ng6 11. h4 exd4 12. Nxd4 Nf6 13. h5 Nxe4 14. Rxe4 Ne7 15. h6 Nf5 16. hxg7 Re8 17. Rxe8+ Qxe8 18. Nxf5 Bxf5 19. Be3 Bb6 20. Bxb6 axb6 21. c3 b5 22. a3 Rd8 23. Qf3 Bg6 24. Qf4 Kxg7 25. Bf3 Qe6 26. Kg2 Qf5 27. Qxf5 Bxf5 28. a4 bxa4 29.
Rxa4 Rd2 30. Rb4 Bc8 31. Be4 h6 32. Kf3 Rd8 33. Ke3 Re8 34. Kf4 Kf6 35. Rd4 Ke7 36. Bf3 Be6 37. Rb4 Bc8 38. Bh5 Rg8 39. Re4+ Be6 40.
Bd1 c5 41. Bb3 Rg4+ 0-1

[Event "Early-Titled-Tuesday-Blitz-April-02-2024"]
[Site "Chess.com"]
[Date "2024.04.02"]
[Round "3"]
[White "noblerone"]
[Black "JimDiGrease"]
[Result "0-1"]
[WhiteElo "2546"]
[BlackElo "2955"]
[TimeControl "180+1"]
[EndTime "8:27:48 PDT"]
[Termination "JimDiGrease won by resignation"]

1. d4 d5 2. c4 e6 3. Nc3 c6 4. Nf3 Nf6 5. cxd5 exd5 6. Bg5 Be7 7. e3 Bf5 8. Nh4 Bg6 9. Nxg6 hxg6 10. Bd3 Nbd7 11. h3 a5 12. Qc2 Nh5 13. Bxe7 Qxe7 14. a3 Nf4 15. Bf1 Ne6 16. Rd1 Nf6 17. Be2 O-O 18.
O-O Rfe8 19. Rb1 c5 20. dxc5 Qxc5 21. Bb5 Red8 22. Qd3 d4 23. Na4 Qg5 24. Bc4 dxe3 25. Qxe3 Nf4 26. Qf3 Rd4 27. b3 Rad8 28. Nb6 R8d6 29.
Nc8 Rd7 30. Nb6 Rd8 31. Rbd1 Rxd1 0-1

[Event "Early-Titled-Tuesday-Blitz-April-02-2024"]
[Site "Chess.com"]
[Date "2024.04.02"]
[Round "3"]
[White "LeninGuerra"]
[Black "DvaHrasta"]
[Result "1-0"]
[WhiteElo "2726"]
[BlackElo "2513"]
[TimeControl "180+1"]
[EndTime "8:27:48 PDT"]
[Termination "LeninGuerra won on time"]

1. e4 c6 2. Nf3 d5 3. exd5 cxd5 4. Ne5 g6 5. Bb5+ Nd7 6. Qf3 Nf6 7. Nc3 a6 8. Bxd7+ Bxd7 9. Nxd5 Bg7 10. Nxf6+ Bxf6 11. Nxd7 Qxd7 12. O-O O-O 13. c3 b5 14. d4 b4 15.
Bd2 bxc3 16. bxc3 Rab8 17. h3 Qa4 18. Rfe1 Rb2 19. Bh6 Rc8 20. Re3 Rxa2 21. Rae1 Ra1 22. Qb7 Rxe1+ 23. Rxe1 Qc6 24. Qxc6 Rxc6 25. Rb1 Rc8 26.
Kf1 a5 27. Ke2 e5 28. d5 e4 29. d6 Bxc3 30. Rc1 f6 31. Bd2 Rd8 32. Rxc3 Rxd6 33. Rc8+ Kf7 34. Bxa5 Rd7 35. Rc7 Rxc7 36. Bxc7 Ke6 37.
Ke3 f5 38. Kf4 h6 39. h4 Kf6 40. Be5+ Kf7 41. h5 1-0

[Event "Early-Titled-Tuesday-Blitz-April-02-2024"]
[Site "Chess.com"]
[Date "2024.04.02"]
[Round "3"]
[White "vangulio"]
[Black "Tol_Tol"]
[Result "1-0"]
[WhiteElo "2545"]
[BlackElo "2315"]
[TimeControl "180+1"]
[EndTime "8:27:48 PDT"]
[Termination "vangulio won by resignation"]

1. e4 c5 2. Nf3 Nc6 3. d4 cxd4 4. Nxd4 Nf6 5. Nc3 e5 6. Ndb5 d6 7. Bg5 a6 8. Na3 b5 9. Bxf6 gxf6 10. Nd5 Bg7 11. Bd3 Ne7 12. Nxe7 Qxe7 13. c4 f5 14. O-O O-O 15. exf5 e4 16. Re1 Bxf5 17. Rb1 Be5 18. Bf1 e3 19. Rxe3 Bxb1 20. Qxb1 Kh8 21. cxb5 axb5 22. Nxb5 Rg8 23. g3 Rac8 24. Qf5 Rc1 25. Nxd6 Qxd6 26. Qxe5+ Qxe5 27. Rxe5 Rd8 28. Kg2 Rd2 29.
b3 Rcc2 30. Rf5 Kg7 31. Bc4 f6 32. a4 Kg6 33. Rf3 h5 34. Bd3+ Kg5 35. Bxc2 Rxc2 36.
h4+ Kg6 37. b4 Rc4 38. Rb3 1-0

[Event "Early-Titled-Tuesday-Blitz-April-02-2024"]
[Site "Chess.com"]
[Date "2024.04.02"]
[Round "3"]
[White "MaxLeto"]
[Black "stolencandy13"]
[Result "0-1"]
[WhiteElo "2474"]
[BlackElo "2648"]
[TimeControl "180+1"]
[EndTime "8:27:49 PDT"]
[Termination "stolencandy13 won on time"]

1. g4 d5 2. Bg2 Bxg4 3. c4 c6 4.
Qb3 Qb6 5. Qxb6 axb6 6. cxd5 Nf6 7. Nc3 cxd5 8. Nxd5 Nxd5 9. Bxd5 Nc6 10. d3 e6 11.
Be4 Nb4 12. Kd1 Rxa2 13. Rxa2 Nxa2 14. Be3 Bc5 15. Bxb7 Ke7 16. h3 Bh5 17. Kd2 Rb8 18. Bf3 Bg6 19. h4 Rc8 20. Bxc5+ Rxc5 21. h5 Bf5 22. e4 Rb5 23. exf5 Rxb2+ 24. Ke3 exf5 25. Ne2 Nb4 26. Rc1 g5 27. Rc7+ Kf6 28. Bb7 Nc2+ 29. Kf3 Ne1+ 30. Ke3 f4+ 31. Nxf4 gxf4+ 32. Kxf4 Nxd3+ 33.
Ke3 Ne5 34. Bd5 Rb5 0-1

[Event "Early-Titled-Tuesday-Blitz-April-02-2024"]
[Site "Chess.com"]
[Date "2024.04.02"]
[Round "3"]
[White "Beca95"]
[Black "wqws"]
[Result "1-0"]
[WhiteElo "2952"]
[BlackElo "2722"]
[TimeControl "180+1"]
[EndTime "8:27:50 PDT"]
[Termination "Beca95 won by resignation"]

1. d4 Nf6 2. c4 g6 3. Nc3 Bg7 4. e4 d6 5. Be2 O-O 6. Be3 c5 7. d5 Qa5 8. Bd2 a6 9. a4 Qc7 10. Nf3 Bg4 11. O-O Nbd7 12. h3 Bxf3 13. Bxf3 Ne5 14. Be2 e6 15. f4 Ned7 16. g4 exd5 17. exd5 Rfe8 18. Bd3 h5 19. g5 Nh7 20. Kg2 Re7 21. Qc2 Rae8 22. Rae1 Rxe1 23. Rxe1 Qd8 24. Qd1 Rxe1 25. Qxe1 Nhf8 26. b3 Qb6 27. Bc2 Qd8 28.
Ne4 Qb8 29. a5 Qc7 30. h4 Nb8 31. Qe2 Qd7 32. Ng3 Bd4 33. Bd3 Qd8 34. f5 Be5 35. f6 b6 36. Nxh5 bxa5 37. Ng3 Qb6 38. Bc2 a4 39. bxa4 Qb2 40. Qd3 a5 41. Ne2 Na6 42.
Bxa5 Nb4 43. Bxb4 cxb4 44. Qb3 Qa1 45. Qxb4 Qa2 46. Qb3 Qa1 47. Qd3 Qe1 48. Ng3 Nd7 49. Qf3 Nc5 50. h5 Qd2+ 51. Qf2 Qxg5 52. hxg6 fxg6 53.
f7+ Kf8 54. a5 Bxg3 55. Qxg3 Qd2+ 56. Qf2 Qg5+ 57. Kh2 Qh5+ 58. Kg1 Qg5+ 59. Qg2 Qc1+ 60. Kh2 Qh6+ 61. Kg3 Qe3+ 62. Qf3 Qg5+ 63. Kh3 Qh6+ 64. Kg2 Qd2+ 65. Qf2 Qxa5 66. Bxg6 Qc3 67. Qf4 Qb2+ 68.
Kh3 Qc3+ 69. Kg4 1-0

[Event "Early-Titled-Tuesday-Blitz-April-02-2024"]
[Site "Chess.com"]
[Date "2024.04.02"]
[Round "3"]
[White "Alexander_Donchenko"]
[Black "KATPAH"]
[Result "1-0"]
[WhiteElo "2892"]
[BlackElo "2671"]
[TimeControl "180+1"]
[EndTime "8:27:51 PDT"]
[Termination "Alexander_Donchenko won by resignation"]

1. e4 e5 2. Nf3 d6 3. d4 Bg4 4.
dxe5 Nd7 5. exd6 Bxd6 6. Be2 Ngf6 7. Nc3 Qe7 8. h3 Bh5 9. Bg5 O-O-O 10. Nd4 Bg6 11.
O-O Nc5 12. Bd3 c6 13. Re1 Rhe8 14. Nb3 Nxb3 15. axb3 Qe5 16. f4 Qc5+ 17. Kh1 Nh5 18. e5 Be7 19. Bxe7 Rxe7 20. Qg4+ Kb8 21. f5 Rd4 22. Ne4 Qxe5 23. fxg6 hxg6 24. Qf3 f5 25. c3 Rxd3 26. Qxd3 Kc7 27. Ng5 Ng3+ 28. Kg1 Ne2+ 29. Kf1 Ng3+ 30. Kf2 Qf4+ 31. Nf3 Ne4+ 32. Kg1 Qg3 33.
Qe3 f4 34. Qd4 Rd7 35. Qxe4 1-0